 Dungeon Crawl Stone Soup version 0.20.1-1-g8b1a95d (webtiles) character file.

147 Inchmeat the Poker (level 5, -2/38 HPs)
             Began as a Merfolk Skald on Nov 17, 2017.
             Was an Initiate of Makhleb.
             Killed by divine providence
             ... invoked by an orc priest
              (16 damage)
             ... on level 3 of the Dungeon.
             The game lasted 00:06:09 (3660 turns).

Inchmeat the Poker (Merfolk Skald)                  Turns: 3660, Time: 00:06:10

Health: -2/38      AC:  4    Str: 11 (13) XL:     5   Next: 29%
Magic:  7/8        EV: 12    Int: 10 (12) God:    Makhleb [......]
Gold:   76         SH:  0    Dex: 10 (13) Spells: 5/8 levels left

rFire    . . .     SeeInvis .   a - +0 spear
rCold    . . .     Gourm    .   (no shield)
rNeg     . . .     Faith    .   b - +0 leather armour
rPois    .         Spirit   .   (no helmet)
rElec    .         Reflect  .   (no cloak)
rCorr    .         Harm     .   g - +0 pair of gloves
MR       .....                  (no boots)
Stlth    +.........             (no amulet)
Regen    0.2/turn               (no ring)
MPRegen  0.2/turn               (no ring)

@: lethally poisoned (-2 -> -18), infused, flying
A: change form in water, swift swim, stealthy swim
a: Renounce Religion


You were on level 3 of the Dungeon.
You worshipped Makhleb.
Makhleb was noncommittal.
You were very hungry.

You visited 1 branch of the dungeon, and saw 3 of its levels.

You collected 76 gold pieces.

Inventory:

Hand Weapons
 a - a +0 spear (weapon)
Armour
 b - a +0 leather armour (worn)
 g - a +0 pair of gloves (worn)
Jewellery
 e - an uncursed amulet of guardian spirit {unknown}
 f - a +4 amulet of reflection {unknown}
Scrolls
 i - a scroll of fear {unknown}
 j - a scroll of remove curse {unknown}
 n - a scroll of immolation {unknown}
Potions
 m - a potion of degeneration
 o - a potion of brilliance {unknown}
 p - a potion of invisibility {unknown}
Books
 c - a book of Battle

   Spells                             Type                      Level
   a - Infusion                       Charms                       1
   b - Shroud of Golubria             Charms/Translocation         2
   c - Song of Slaying                Charms                       2
   d - Spectral Weapon                Hexes/Charms                 3
   e - Regeneration                   Charms/Necromancy            3
 k - a book of Cantrips

   Spells                             Type                      Level
   a - Confusing Touch                Hexes                        1
   b - Animate Skeleton               Necromancy                   1
   c - Summon Small Mammal            Summoning                    1
   d - Apportation                    Translocation                1
Comestibles
 d - a bread ration
 h - 7 fruits
 q - 2 meat rations


   Skills:
 - Level 2.1 Fighting
 * Level 7.7 Polearms
 - Level 0.6 Armour
 - Level 2.6 Dodging
 - Level 2.0 Spellcasting
 - Level 3.2 Charms


You had 5 spell levels left.
You knew the following spells:

 Your Spells              Type           Power        Failure   Level  Hunger
a - Infusion              Chrm           #...         11%         1    ##.....
b - Song of Slaying       Chrm           #.......     16%         2    ###....


Dungeon Overview and Level Annotations

Branches:
Dungeon (3/15)

Altars:
Makhleb
Sif Muna


Message History

Confirm with . or Enter, or press ? or * to list all spells.
You begin infusing your attacks with magical energy.
You are feeling very hungry.
You feel sick.
The orc priest hits you but does no damage.
You are more poisoned.
You are too injured to fight recklessly!
You are too injured to fight recklessly!
It was a potion of degeneration.
There was something very wrong with that liquid.
You feel weakened.
You feel dopey.
You feel clumsy.
You feel sick.
The orc priest mumbles some strange prayers to Beogh against you.
Pain shoots through your body!
It was a potion of flight.
You feel very buoyant.
You fly up into the air.
You feel sick.
The orc priest calls down the wrath of Beogh upon you.
Beogh smites you!
You die...

#.# #.# #.# #.# #.#
#.# ##### ##.#
#...##############.#.
#...@.............###
#..o##############.#.
##.## ##.. #.# ###
#.# #o# #.# #.# #####
#o# #....


You could see an orc priest.

Vanquished Creatures
  3 gnolls
  4 adders
  3 worms (D:3)
  2 dart slugs
  2 leopard geckos
  3 orcs (D:3)
  6 bats
  3 giant cockroaches
  7 goblins
  13 hobgoblins
  A quokka (D:2)
  3 frilled lizards
  6 kobolds
  9 rats
65 creatures vanquished.

Notes
Turn   | Place    | Note
-------+----------+-------------------------------------------
     0 | D:1      | Inchmeat the Merfolk Skald began the quest for the Orb.
     0 | D:1      | Reached XP level 1. HP: 16/16 MP: 3/3
    66 | D:1      | Reached skill level 4 in Polearms
    66 | D:1      | Reached XP level 2. HP: 22/22 MP: 0/5
   659 | D:1      | Reached XP level 3. HP: 26/27 MP: 6/6
   691 | D:1      | Reached skill level 5 in Polearms
   725 | D:1      | Learned a level 2 spell: Song of Slaying
  1113 | D:2      | Reached skill level 6 in Polearms
  1113 | D:2      | Reached XP level 4. HP: 19/33 MP: 3/7
  1807 | D:2      | Found a burning altar of Makhleb.
  1807 | D:2      | Noticed a balrug
  1914 | D:2      | Noticed a neqoxec
  1914 | D:2      | Noticed a neqoxec
  1916 | D:2      | Became a worshipper of Makhleb the Destroyer
  2026 | D:3      | Reached skill level 7 in Polearms
  2531 | D:3      | Reached XP level 5. HP: 33/38 MP: 1/8
  3123 | D:3      | Found a deep blue altar of Sif Muna.
  3660 | D:3      | Killed from afar by an orc priest

Skill      XL: |  1  2  3  4 |
---------------+-------------+-----
Polearms       | 4 6 7 |  7.7
Fighting       | |  2.1
Armour         | |  0.6
Dodging        | |  2.6
Spellcasting   | |  2.0
Charms         | |  3.2

Action                   |  1- 3 |  4- 6 || total
-------------------------+-------+-------++-------
Melee: Spear             |    89 |   190 ||   279
 Cast: Infusion          |     9 |     9 ||    18
       Song of Slaying   |       |     1 ||     1
  Use: Potion            |       |     2 ||     2
 Stab: Sleeping          |     1 |     1 ||     2
  Eat: Chunk             |       |     4 ||     4
       Bread ration      |       |     1 ||     1
Armor: Leather armour    |    10 |    24 ||    34
Dodge: Dodged            |    32 |    68 ||   100
